 Dungeon Crawl Stone Soup version 0.31-a0-523-g071a6c1ffa (webtiles) character file.

Game seed: 2742472535331621962

33180 Shayle the Grappler (level 13, -2/144 HPs)
             Began as an Ogre Shapeshifter on Aug 11, 2023.
             Was an Initiate of Ashenzari.
             Slain by a wraith (7 damage)
             ... led by Josephine
             ... on level 5 of the Lair of Beasts.
             The game lasted 01:15:33 (21197 turns).

Shayle the Grappler (Ogre Shapeshifter)            Turns: 21197, Time: 01:15:36

Health: -2/144     AC:  9    Str: 22    XL:     13   Next: 69%
Magic:  22/25      EV: 11    Int: 13    God:    Ashenzari [......]
Gold:   1051       SH:  0    Dex:  9    Spells: 10/28 levels left

rFire   + . .        w - +3 war axe (elec)
rCold   + . .        (no shield)
rNeg    . . .        t - +1 steam dragon scales
rPois   .            k - +2 hood of the Assassin {Detect Stab+ Stlth++}
rElec   .            i - scarf {rC+ rF+}
rCorr   .            (gloves unavailable)
SInv    +            (boots unavailable)
Will    +....        f - amulet of the Pangnostic Prison {Reflect SH+5, Dev, Cun} (curse)
Stlth   +++          (no ring)
HPRegen 0.44/turn    (no ring)
MPRegen 0.19/turn

%: reflection
@: confused, ambrosia-drunk, slowed, very slow
A: large, unfitting armour, tough skin 1, horns 1, see invisible, passive
freeze, robust 1
a: Renounce Religion, Shatter the Chains


You were on level 5 of the Lair of Beasts.
You worshipped Ashenzari.
Ashenzari was noncommittal.
You visited 3 branches of the dungeon, and saw 18 of its levels.

You collected 1051 gold pieces.

Inventory:

Hand Weapons
 b - a +2 flail of protection
 j - the +3 hand axe of Responsibility {freeze, rPois}
   (You found it on level 4 of the Lair of Beasts)

   rPois:     It protects you from poison
 w - a +3 war axe of electrocution (weapon)
Missiles
 g - 3 throwing nets
 L - 3 curare-tipped darts
Armour
 a - a +0 animal skin
 i - a scarf of resistance (worn)
 k - the +2 hood of the Assassin (worn) {Detect Stab+ Stlth++}
   (You acquired it on level 9 of the Dungeon)

   Detect:    It allows the wearer to sense nearby creatures.
   Stab+:     It allows the wearer to make particularly effective stabbing
   attacks against helpless or unaware enemies with any weapon.
   Stlth++:   It makes you much more stealthy.
 t - +1 steam dragon scales (worn)
 I - a scarf of repulsion
Jewellery
 f - the cursed amulet of the Pangnostic Prison (around neck) {Reflect SH+5, Dev, Cun}
   (You found it on level 3 of the Lair of Beasts)

   [amulet of reflection]

   Reflect:   It reflects blocked missile attacks.
   SH+5:      It affects your SH (+5).
   It has a curse which improves the following skills: Devices: Evocations and
   Shapeshifting.
   Cunning:   Dodging and Stealth.
 m - an amulet of regeneration
 M - an amulet of magic regeneration
Talismans
 c - a beast talisman
 d - a flux talisman
 u - a maw talisman
Wands
 p - a wand of digging (6)
 q - a wand of polymorph (3)
 s - a wand of mindburst (2)
 v - a wand of flame (9)
 A - a wand of paralysis (11)
Scrolls
 e - a scroll of identify
 r - a scroll of immolation
 C - a scroll of amnesia
 D - a scroll of teleportation
 E - a scroll of revelation
 G - a scroll of silence {unknown}
 J - a scroll of brand weapon {unknown}
 K - a scroll of fog
Potions
 h - 2 potions of magic
 l - 3 potions of might
 n - a potion of brilliance
 o - 2 potions of enlightenment
 z - a potion of attraction
 B - 3 potions of ambrosia
 F - a potion of invisibility


   Skills:
 - Level 9.4 Fighting
 - Level 6.8(7.2) Dodging
 + Level 9.8 Unarmed Combat
 - Level 8.1 Spellcasting
 + Level 1.9 Conjurations
 + Level 7.8 Necromancy
 + Level 3.8 Fire Magic
 + Level 2.0 Ice Magic
 + Level 2.0 Air Magic
 + Level 6.5 Earth Magic
 + Level 3.6 Poison Magic
 + Level 9.1(9.4) Shapeshifting


You had 10 spell levels left.
You knew the following spells:

 Your Spells              Type           Power      Damage    Failure   Level
a - Vampiric Draining     Necr           25%        2d7       1%          3
b - Borgnjor's Vile Clut  Necr/Erth      12%        N/A       21%         5
c - Sublimation of Blood  Necr           25%        N/A       1%          2
d - Ignite Poison         Fire/Tmut/Pois 11%        N/A       14%         3
e - Freezing Cloud        Conj/Ice/Air   5%         6-21      86%         5

Your spell library contained the following spells:

 Spells                   Type           Power      Damage    Failure   Level
 Cigotuvi's Dreadful Rot  Necr/Pois/Air  34%        N/A       3%          2
 Passwall                 Tmut/Erth      10%        N/A       5%          2
 Stone Arrow              Conj/Erth      32%        3d9       7%          3
 Slow                     Hex            20%        N/A       14%         1
 Ensorcelled Hibernation  Hex/Ice        14%        N/A       14%         2
 Swiftness                Air            10%        N/A       19%         3
 Blink                    Tloc           10%        N/A       21%         2
 Wereblood                Tmut           5%         N/A       21%         2
 Animate Armour           Summ/Erth      26%        N/A       34%         4
 Petrify                  Tmut/Erth      13%        N/A       34%         4
 Confusing Touch          Hex            5%         N/A       38%         3
 Tukima's Dance           Hex            5%         N/A       38%         3
 Manifold Assault         Tloc           5%         N/A       80%         4
 Passage of Golubria      Tloc           5%         N/A       80%         4
 Alistair's Intoxication  Tmut/Pois      6%         N/A       87%         5
 Irradiate                Conj/Tmut      3%         3d12      94%         5
 Yara's Violent Unravell  Hex/Tmut       2%         3d3       98%         5
 Dispersal                Tloc           2%         N/A       100%        6
 Eringya's Noxious Bog    Tmut/Pois      5%         4d6       100%        6
 Summon Hydra             Summ           2%         N/A       100%        7
 Disjunction              Tloc           2%         N/A       100%        8
 Lehudib's Crystal Spear  Conj/Erth      8%         10d3      100%        8


Dungeon Overview and Level Annotations

Branches:
Dungeon (12/15)            Temple (1/1) D:5            Lair (5/5) D:11
 Shoals (0/4) Lair:2        Snake (0/4) Lair:3
  Slime: Lair:4-5       Orc: D:9-12

Altars:
Ashenzari
Cheibriados
Dithmenos
Elyvilon
Fedhas
Gozag
Hepliaklqana
Kikubaaqudgha
Makhleb
Nemelex Xobeh
Okawaru
Qazlal
Ru
Sif Muna
Trog
Uskayaw
Vehumet
Wu Jian
Xom
Yredelemnul
Zin
The Shining One

Annotations:
D:3 Robin
D:11 Gastronok
Lair:2 1 runed translucent door


Innate Abilities, Weirdness & Mutations

You are too large for most types of armour.
You have tough skin. (AC +1)
You have a pair of small horns on your head.
You have supernaturally acute eyesight. (SInv)
A frigid envelope surrounds you and freezes all who hurt you.
You are robust. (+10% HP)


Message History

The wraith is heavily damaged.
The wraith barely misses you.
Okay, then.
The +3 hand axe of Responsibility {freeze, rPois} stops glowing.
You hear the crackle of electricity.
w - a +3 war axe of electrocution (weapon)
You block the wraith's attack.
Unknown command.
You hit the wraith. Lightning courses through the wraith!
You destroy the wraith!
You slash the fungus!
The fungus begins to die.
The wraith hits you!
* * * LOW HITPOINT WARNING * * *
The wraith drains your vigour!
You feel as though you will be slow longer.
The wraith resists.
The wraith is very cold.
The wraith is heavily damaged.
Your Ice Magic skill increases to level 2!
Your Air Magic skill increases to level 2!
Okay, then.
You are confused.
You feel invigorated.
A nearby fungus withers and dies.
The wraith hits you!
* * * LOW HITPOINT WARNING * * *
The wraith drains your vigour!
You feel as though you will be slow longer.
The wraith resists.
The wraith is very cold.
The wraith is heavily damaged.
You bump into the rock wall.
The wraith hits you.
* * * LOW HITPOINT WARNING * * *
The wraith completely resists.
The wraith hits you.
* * * LOW HITPOINT WARNING * * *
The wraith drains your vigour!
You feel as though you will be slow longer.
The wraith resists.
The wraith is very cold.
The wraith is almost destroyed.
The wraith hits you.
* * * LOW HITPOINT WARNING * * *
The wraith resists.
The wraith is very cold.
The wraith is almost destroyed.
The wraith hits you!
You die...

#.#.. ....
.####... ##
.......###[###
.......#P....#P.
#............P
.###..P....)#....
...$..W#W<...#
#P..@###.##
##P..# ,,.# #...#
,.. ##..# ,##
#.## #. #. ..


You could see 2 wraiths.

Vanquished Creatures
  Josephine (Lair:5)
  5 hydras
  A boulder beetle (Lair:2)
  3 two-headed ogres
  Nergalle (D:10)
  A fire crab (Lair:4)
  A skyshark (Lair:4)
  2 manticores
  2 oklob plants (D:11)
  A salamander (Lair:3)
  4 black mambas
  An elephant (Lair:4)
  2 torpor snails
  2 rime drakes
  2 unseen horrors
  9 cane toads
  5 komodo dragons
  A queen bee (Lair:1)
  5 trolls
  4 polar bears
  A wind drake (Lair:2)
  2 hornets (D:11)
  4 blink frogs
  5 dream sheep (Lair:2)
  3 wraiths (Lair:5)
  15 yaks
  5 wyverns
  4 basilisks
  A steam dragon (D:7)
  13 water moccasins
  An acid dragon (D:11)
  3 orc warriors (D:8)
  An ice beast (D:6)
  2 sky beasts
  A black bear (D:6)
  8 wolves
  2 ogres
  4 centaurs
  A kobold brigand (D:6)
  2 phantoms (D:5)
  14 bullfrogs
  A scorpion (D:5)
  20 wights
  35 killer bees
  7 howler monkeys
  A jelly (D:6)
  4 hounds
  A gnoll bouda (D:8)
  An orc priest (D:6)
  2 iguanas (D:6)
  Terence (D:2)
  6 orc wizards
  A scorpion zombie (D:3)
  9 hell rats
  A hound zombie (D:3)
  A howler monkey zombie (D:3)
  10 gnolls
  8 adders
  3 river rats (Lair:2)
  2 shadow imps (D:6)
  4 white imps
  An adder zombie (D:3)
  3 adder skeletons (D:3)
  2 worms (D:5)
  2 dart slugs (D:5)
  25 orcs
  2 bats
  5 endoplasms
  4 giant cockroaches
  11 goblins
  10 hobgoblins
  3 quokkas
  9 ball pythons
  A ball python skeleton (D:3)
  2 frilled lizards (D:1)
  A giant cockroach zombie (D:3)
  9 kobolds
  9 rats
362 creatures vanquished.

Notes
Turn   | Place    | Note
-------+----------+-------------------------------------------
     0 | D:1      | Shayle the Ogre Shapeshifter began the quest for the Orb.
     0 | D:1      | Reached XP level 1. HP: 19/19 MP: 1/1
   139 | D:1      | Reached XP level 2. HP: 23/28 MP: 2/2
   700 | D:2      | Found a faded altar of an unknown god.
   713 | D:2      | Reached XP level 3. HP: 35/35 MP: 3/3
   777 | D:2      | Noticed Terence
   795 | D:3      | Found an opulent altar of Gozag.
  1005 | D:3      | Reached XP level 4. HP: 38/44 MP: 4/4
  1285 | D:3      | Found a white marble altar of Elyvilon.
  1285 | D:3      | Found a glowing golden altar of the Shining One.
  1287 | D:3      | Found a glowing silver altar of Zin.
  1296 | D:3      | Noticed Robin
  1367 | D:2      | Gained mutation: You are robust. (+10% HP) [potion of
                  | mutation]
  1367 | D:2      | Gained mutation: You have a pair of small horns on your
                  | head. [potion of mutation]
  1367 | D:2      | Gained mutation: You have hidden genetic potential. [potion
                  | of mutation]
  1371 | D:2      | Killed Terence
  1372 | D:2      | Reached XP level 5. HP: 30/58 MP: 5/5
  1772 | D:3      | Gained mutation: You have supernaturally acute eyesight.
                  | (SInv) [hidden potential]
  2330 | D:4      | Reached XP level 6. HP: 64/68 MP: 6/6
  2927 | D:5      | Entered Level 5 of the Dungeon
  2989 | D:5      | Gained mutation: A frigid envelope surrounds you and
                  | freezes all who hurt you. [hidden potential]
  2989 | D:5      | Lost mutation: You have hidden genetic potential. [hidden
                  | potential expressed]
  3422 | D:5      | Reached XP level 7. HP: 69/78 MP: 7/7
  3635 | D:5      | Found a staircase to the Ecumenical Temple.
  3643 | D:5      | Reached skill level 5 in Fighting
  3645 | Temple   | Entered the Ecumenical Temple
  3655 | Temple   | Became a worshipper of Ashenzari the Shackled
  3991 | D:6      | Reached XP level 8. HP: 91/91 MP: 8/8
  4075 | D:6      | Reached skill level 5 in Unarmed Combat
  4083 | D:6      | Reached skill level 5 in Shapeshifting
  4395 | D:6      | Found a shadowy altar of Dithmenos.
  4570 | D:6      | Reached skill level 5 in Dodging
  4610 | D:6      | Learned a level 3 spell: Vampiric Draining
  4804 | D:6      | Reached skill level 1 in Spellcasting
  4841 | D:6      | Reached XP level 9. HP: 100/102 MP: 10/10
  4944 | D:5      | Reached skill level 1 in Necromancy
  5263 | D:6      | Found a shimmering altar of Xom.
  5902 | D:7      | Noticed a troll
  5908 | D:7      | Killed a troll
  6207 | D:7      | Found a snail-covered altar of Cheibriados.
  6341 | D:7      | Found a burning altar of Makhleb.
  6929 | D:8      | Identified the +4 great mace of Xom, Hugging {venom, rElec
                  | rPois Int+2 Dex-5}
  7033 | D:8      | Reached XP level 10. HP: 101/112 MP: 15/15
  7820 | D:9      | Noticed a manticore
  7866 | D:9      | Killed a manticore
  8022 | D:9      | Identified a scroll of acquirement
  8024 | D:9      | Acquired the +2 hood of the Assassin {Detect Stab+ Stlth++}
  8024 | D:9      | Found the +2 hood of the Assassin {Detect Stab+ Stlth++}
  8048 | D:9      | Found a sparkling altar of Nemelex Xobeh.
  8074 | D:9      | Noticed a gargoyle
  8083 | D:9      | Noticed a two-headed ogre
  8089 | D:9      | HP: 1/113 [two-headed ogre/+0 giant club (15)]
  8097 | D:9      | You fall into a shaft and drop 1 floor!
  8097 | D:10     | Entered Level 10 of the Dungeon
  8459 | D:10     | Noticed Nergalle
  8471 | D:10     | Killed Nergalle
  8472 | D:10     | Reached skill level 5 in Spellcasting
  8580 | D:10     | Noticed an unseen horror
  8585 | D:10     | Killed an unseen horror
  8605 | D:10     | Learned a level 5 spell: Borgnjor's Vile Clutch
  8855 | D:10     | Reached skill level 1 in Earth Magic
  8858 | D:9      | Noticed a two-headed ogre
  8862 | D:9      | Killed a two-headed ogre
  8863 | D:9      | Reached XP level 11. HP: 44/126 MP: 19/19
  9131 | D:10     | Found a blossoming altar of Fedhas.
  9456 | D:11     | Noticed a two-headed ogre
  9533 | D:11     | Noticed Gastronok
 10070 | D:11     | Found a shimmering blue altar of Sif Muna.
 10219 | D:11     | Noticed an oklob plant
 10219 | D:11     | Noticed a two-headed ogre
 10222 | D:11     | Found a staircase to the Lair.
 10237 | D:11     | Noticed an oklob plant
 10260 | D:11     | HP: 1/126 [two-headed ogre/+0 giant club (6)]
 10260 | D:11     | Killed a two-headed ogre
 10261 | D:11     | Reached skill level 5 in Necromancy
 10569 | D:11     | Killed a two-headed ogre
 10866 | D:11     | Killed an oklob plant
 11012 | Lair:1   | Entered Level 1 of the Lair of Beasts
 12030 | Lair:1   | Reached XP level 12. HP: 55/136 MP: 22/22
 13880 | Lair:2   | Found a staircase to the Shoals.
 14053 | Lair:2   | Learned a level 2 spell: Sublimation of Blood
 14423 | Lair:2   | You fall into a shaft and drop 1 floor!
 14435 | Lair:3   | Reached skill level 5 in Earth Magic
 14591 | Lair:2   | Learned a level 3 spell: Ignite Poison
 14814 | Lair:2   | Reached skill level 1 in Fire Magic
 14964 | Lair:2   | Reached skill level 1 in Poison Magic
 15415 | Lair:2   | Noticed a boulder beetle
 15442 | Lair:2   | Killed a boulder beetle
 15827 | Lair:2   | Found a runed translucent door.
 16538 | Lair:3   | Reached XP level 13. HP: 120/144 MP: 19/25
 17910 | Lair:3   | Found a staircase to the Snake Pit.
 18032 | Lair:3   | Learned a level 5 spell: Freezing Cloud
 19001 | Lair:4   | Reached skill level 1 in Conjurations
 19001 | Lair:4   | Reached skill level 1 in Ice Magic
 19001 | Lair:4   | Reached skill level 1 in Air Magic
 20402 | Lair:4   | Identified the +3 hand axe of Responsibility {freeze,
                  | rPois}
 21175 | Lair:5   | Entered Level 5 of the Lair of Beasts
 21175 | Lair:5   | Noticed Josephine
 21190 | Lair:5   | Killed Josephine
 21197 | Lair:5   | HP: 5/144 [wraith[Josephine] (6)]
 21197 | Lair:5   | Slain by a wraith

Illustrated notes

Levels and vault maps discovered:
D:1:      moated_graveyard_arrival, layout_loops_ring,
          chequers_serial_rivers_micro_b, minmay_surrounded
D:2:      layout_loops_ring, dreamdust_ecumenical_altar_angels_and_demons,
          kennysheep_generic_room_8, uniq_terence
D:3:      layout_rooms, dreamdust_divine_triumvirate, overflow_temple_1_default,
          serial_undead, serial_undead_d, serial_undead_e, serial_undead_a,
          serial_undead_d, serial_undead_a, serial_undead_e, uniq_robin
D:4:      layout_layer_cave, serial_glass, glass_columns_c, glass_columns_c,
          minmay_strange_pillars, feat_on_display, due_unseen_surprise,
          feat_on_display
D:5:      layout_loops_cross, minmay_temple_entry_junction,
          kennysheep_generic_room_3
D:6:      minmay_inner_zag, layout_basic, mainiacjoe_overflow_alcove_4,
          mainiacjoe_overflow_six_doors_small
D:7:      layout_gridville, makhleb_heckhound_becter,
          mainiacjoe_overflow_tiny_flanked
D:8:      layout_loops_ring
D:9:      minmay_the_grid_square_5x5_4x4 [minmay_the_grid_square_5x5_comb,
          minmay_the_grid_square_5x5_inner_i,
          minmay_the_grid_square_5x5_misaligned,
          minmay_the_grid_square_5x5_shrine2,
          minmay_the_grid_square_5x5_checkered_statues,
          minmay_the_grid_square_5x5_prize_gold,
          minmay_the_grid_square_5x5_prize_waves,
          minmay_the_grid_square_5x5_three_small,
          minmay_the_grid_square_5x5_fancy_junction,
          minmay_the_grid_square_5x5_prize_pseudospiral,
          minmay_the_grid_square_5x5_prize_itemx,
          minmay_the_grid_square_5x5_corner, minmay_the_grid_square_5x5_c,
          minmay_the_grid_square_5x5_beaten_path, minmay_the_grid_square_5x5_n,
          minmay_the_grid_square_5x5_intrusive_squares], layout_loops_ring,
          nemelex_spade_bored_becter, orc_david_3, serial_shops, shop
D:10:     layout_big_octagon, fedhas_bush_and_centaur_altar, serial_rivers,
          chequers_serial_rivers_micro_e, chequers_serial_rivers_micro_a,
          chequers_serial_rivers_room_b, chequers_serial_rivers_micro_a,
          chequers_mini_garden, kb_lookout_dungeons_type,
          chequers_serial_rivers_small_b, uniq_nergalle
D:11:     layout_roguey, dpeg_oklobed_lair, lemuel_blue_sif_altar,
          uniq_gastronok
D:12:     layout_stronghold
Temple:   nicolae_temple_ecumenical_triangle
Lair:1:   layout_hall_layers, special_room [special_room_bee],
          infiniplex_staircase_pool
Lair:2:   gammafunk_lair_enchanted_lake, layout_chaotic_city,
          minmay_shoals_entry_beasts, kennysheep_abandoned_house,
          lemuel_fruit_fields
Lair:3:   layout_hall_layers, nicolae_snake_entry_warm_welcome,
          grunt_megastairs_5
Lair:4:   nzn_winding_woodlands_cross [nzn_winding_woodlands_5x15_sidewinder,
          nzn_winding_woodlands_5x15_pool, nzn_winding_woodlands_5x15_default,
          nzn_winding_woodlands_5x15_twine,
          nzn_winding_woodlands_15x15_thick_spiral], layout_regular_city,
          serial_bayou_lagoon_a, lemuel_fruit_tree
Lair:5:   grunt_lair_end_beastmaster, layout_loops_ring,
          nicolae_slime_entry_field_trip, uniq_josephine, uniq_snorg

Skill      XL: |  1  2  3  4  5  6  7  8  9 10 11 12 13 |
---------------+----------------------------------------+-----
Dodging        | 2 3 4 5 6 |  6.8
Fighting       | 2 3 4 5 7 8 9 |  9.4
Unarmed Combat | 3 4 5 6 7 8 9 |  9.8
Shapeshifting  | 4 5 6 7 8 9 |  9.1
Spellcasting   | 1 3 5 7 8 |  8.1
Necromancy     | 3 4 6 7 |  7.8
Earth Magic    | 1 4 5 6 |  6.5
Fire Magic     | 2 3 |  3.8
Poison Magic   | 2 3 |  3.6
Conjurations   | 1 |  1.9
Ice Magic      | 2 |  2.0
Air Magic      | 2 |  2.0

Action                     |  1- 3 |  4- 6 |  7- 9 | 10-12 | 13-15 || total
---------------------------+-------+-------+-------+-------+-------++-------
  Melee: Unarmed           |    95 |    93 |       |       |       ||   188
         Punch             |     2 |       |    10 |    18 |     8 ||    38
         Flail             |       |    95 |   174 |   358 |    34 ||   661
         Headbutt          |       |     7 |    28 |   112 |    19 ||   166
         War axe           |       |       |       |    84 |    68 ||   152
         Hand axe          |       |       |       |       |     5 ||     5
   Cast: Borgnjor's Vile C |       |       |       |     9 |    48 ||    57
 Invoke: Curse Item        |       |       |       |       |     1 ||     1
Ability: Begin Untransform |       |       |       |     1 |       ||     1
  Evoke: Wand              |       |       |       |    25 |    11 ||    36
    Use: Potion            |       |     4 |     2 |     7 |    10 ||    23
         Scroll            |       |       |    13 |     9 |     9 ||    31
   Stab: Sleeping          |     1 |       |     1 |     7 |     2 ||    11
         Distracted        |       |       |       |     2 |       ||     2
 Armour: Animal skin       |    30 |    58 |    34 |       |       ||   122
         Skin              |       |    13 |       |    49 |       ||    62
         Steam dragon scal |       |       |    30 |   198 |    63 ||   291
  Dodge: Dodged            |    36 |   105 |   133 |   354 |    97 ||   725
  Block: Other             |       |       |       |    26 |    45 ||    71
         Reflection        |       |       |       |       |     1 ||     1

Table legend: (Time is in decaauts)
 A = Elapsed time spent in this place.
 B = Non-inter-level travel time spent in this place.
 C = Inter-level travel time spent in this place.
 D = Time resting spent in this place.
 E = Time spent auto-exploring this place.
 F = Levels seen in this place.
 G = Mean time per level.
                   A        B        C        D        E       F      G
               +--------+--------+--------+--------+--------+-----+--------+
         Total |  21568 |  20501 |   1067 |   7599 |   8013 |  18 | 1198.2 |
       Dungeon |  12045 |  11786 |    259 |   4017 |   5299 |  12 | 1003.8 |
        Temple |     15 |     15 |      0 |      0 |      0 |   1 |   15.0 |
          Lair |   9506 |   8699 |    807 |   3582 |   2714 |   5 | 1901.2 |
               +--------+--------+--------+--------+--------+-----+--------+

Top non-repeatable levels by time:
  Lair:4: 2822 daAuts
  Lair:2: 2789 daAuts
  Lair:1: 2644 daAuts
    D:11: 2217 daAuts
     D:8: 1492 daAuts
    D:10: 1449 daAuts
     D:6: 1382 daAuts
     D:5: 1221 daAuts
  Lair:3: 1220 daAuts
     D:4: 1141 daAuts
     D:7: 1044 daAuts
     D:3: 761 daAuts
     D:1: 674 daAuts
     D:2: 359 daAuts
    D:12: 157 daAuts
